 Dungeon Crawl Stone Soup version 0.30.0-13-g156ef70053 (webtiles) character file.

Game seed: 12171834302555752083

389 Iich the Trooper (level 6, -1/56 HPs)
             Began as a Hill Orc Fighter on May 17, 2023.
             Slain by Grinder (5 damage)
             ... on level 4 of the Dungeon.
             The game lasted 00:05:05 (1985 turns).

Iich the Trooper (Hill Orc Fighter)                 Turns: 1985, Time: 00:05:06

Health: -1/56      AC:  9    Str: 19    XL:     6   Next: 79%
Magic:  6/6        EV:  9    Int:  8    God:
Gold:   140        SH:  5    Dex: 12    Spells: 5/5 levels left

rFire   . . .        a - +0 war axe
rCold   . . .        c - +0 buckler
rNeg    . . .        b - +0 scale mail
rPois   .            (no helmet)
rElec   .            (no cloak)
rCorr   .            j - +1 pair of gloves
SInv    +            (no boots)
Will    +....        (no amulet) Stlth
                     h - ring of willpower
HPRegen 0.29/turn    S - ring of see invisible
MPRegen 0.10/turn

%: no passive effects
@: no status effects
A: no striking features
a: no special abilities


You were on level 4 of the Dungeon.
You visited 1 branch of the dungeon, and saw 3 of its levels.

You collected 140 gold pieces.

Inventory:

Hand Weapons
 a - a +0 war axe (weapon)
Armour
 b - a +0 scale mail (worn)
 c - a +0 buckler (worn)
 j - a +1 pair of gloves (worn)
Jewellery
 h - a ring of willpower (left hand)
 S - a ring of see invisible (right hand)
Scrolls
 d - a scroll of blinking {unknown}
 g - a scroll of brand weapon
Potions
 e - a potion of degeneration {unknown}
 f - 2 potions of cancellation {unknown}
 i - a potion of haste {unknown}
 q - 4 potions of curing


   Skills:
 + Level 5.4 Fighting
 + Level 5.1 Axes
 + Level 4.9 Armour
 + Level 5.0 Shields


You had 5 spell levels left.
You didn't know any spells.
Your spell library contained the following spells:

 Spells                   Type           Power      Damage    Failure   Level
 Ozocubu's Armour         Ice            0%         N/A       99%         3
 Ozocubu's Refrigeration  Ice            0%         4d7       100%        7


Dungeon Overview and Level Annotations

Branches:
Dungeon (4/15)
 Temple: D:4-7

Altars:
Trog
The Shining One

Annotations:
D:4 Grinder


Message History

Grinder is severely wounded.
Grinder hits you.
* * * LOW HITPOINT WARNING * * *
You writhe in agony.
* * * LOW HITPOINT WARNING * * *
Grinder blinks!
You take 6 damage, and have 19/56 hp.
Grinder gestures at you. You resist with almost no effort.
Grinder gestures at you. Pain shoots through your body!
* * * LOW HITPOINT WARNING * * *
You take 7 damage, and have 13/56 hp.
The walls and floor vibrate strangely for a moment.
Grinder blinks!
Grinder blinks!
Grinder gestures at you. You resist with almost no effort.
You closely miss Grinder.
Grinder is severely wounded.
Grinder hits you but does no damage.
You barely miss Grinder.
Grinder is severely wounded.
Grinder gestures at you. Pain shoots through your body!
* * * LOW HITPOINT WARNING * * *
You take 1 damage, and have 14/56 hp.
You closely miss Grinder.
Grinder is severely wounded.
Grinder hits you.
* * * LOW HITPOINT WARNING * * *
You writhe in agony.
* * * LOW HITPOINT WARNING * * *
You take 6 damage, and have 8/56 hp.
You closely miss Grinder.
Grinder is severely wounded.
Grinder hits you.
* * * LOW HITPOINT WARNING * * *
You writhe in agony.
You die...

#########.#
.#
#.......#.#
#
#.......#)#
#.......#.#
#.......#.#
#.......#†#
###.....#.##
##.......#
#.@.....#
#.5........#
##.........#
#....)....#
#.........#
#.........#
#....<[...#
#......#.


You could see Grinder.

Vanquished Creatures
  An ogre (D:4)
  A scorpion (D:4)
  2 hounds (D:4)
  A gnoll bouda (D:4)
  Natasha (thrice) (D:4)
  4 gnolls (D:4)
  A worm (D:4)
  2 dart slugs (D:1)
  An orc (D:4)
  3 endoplasms (D:2)
  3 giant cockroaches
  4 goblins
  6 hobgoblins
  A quokka (D:4)
  6 ball pythons
  4 bats
  6 frilled lizards
  4 kobolds
  2 rats (D:2)
55 creatures vanquished.

Notes
Turn   | Place    | Note
-------+----------+-------------------------------------------
     0 | D:1      | Iich the Hill Orc Fighter began the quest for the Orb.
     0 | D:1      | Reached XP level 1. HP: 19/19 MP: 1/1
   126 | D:1      | Reached XP level 2. HP: 22/27 MP: 2/2
   397 | D:1      | Found a faded altar of an unknown god.
   603 | D:1      | Reached XP level 3. HP: 20/23 MP: 3/3
  1381 | D:2      | You fall into a shaft and drop 2 floors!
  1398 | D:4      | Reached XP level 4. HP: 27/36 MP: 4/4
  1452 | D:4      | Noticed an ogre
  1459 | D:4      | Killed an ogre
  1460 | D:4      | Reached XP level 5. HP: 25/47 MP: 5/5
  1508 | D:4      | Noticed Natasha
  1521 | D:4      | Killed Natasha
  1547 | D:4      | Found a bloodstained altar of Trog.
  1592 | D:4      | Found a glowing golden altar of the Shining One.
  1657 | D:4      | Noticed Natasha
  1661 | D:4      | Killed Natasha
  1688 | D:4      | Reached skill level 5 in Fighting
  1688 | D:4      | Reached XP level 6. HP: 48/56 MP: 6/6
  1836 | D:4      | Noticed Natasha
  1845 | D:4      | Killed Natasha
  1942 | D:4      | Noticed Grinder
  1952 | D:4      | Reached skill level 5 in Axes
  1952 | D:4      | Reached skill level 5 in Shields
  1985 | D:4      | Slain by Grinder

Illustrated notes

Levels and vault maps discovered:
D:1:      dpeg_arrival_court, layout_loops_ring,
          hellmonk_ecumenical_altar_heavens_door
D:2:      layout_loops_corners, uniq_terence
D:4:      kennysheep_spiral_hall, layout_basic, nicolae_tso_swordbearing_angel,
          kennysheep_mini, chequers_temple_overflow_statue_of_worship,
          gup_sewer_entry_spiral, minmay_tree_intersection, uniq_grinder,
          uniq_menkaure, uniq_natasha

Skill      XL: |  1  2  3  4  5  6 |
---------------+-------------------+-----
Axes           | 3 4 5 |  5.1
Fighting       | 4 5 |  5.4
Armour         | 4 |  4.9
Shields        | 4 5 |  5.0

Action                     |  1- 3 |  4- 6 || total
---------------------------+-------+-------++-------
  Melee: War axe           |   117 |    84 ||   201
    Use: Scroll            |     3 |       ||     3
         Potion            |       |     2 ||     2
 Armour: Scale mail        |    67 |    29 ||    96
  Dodge: Dodged            |    56 |    30 ||    86
  Block: Buckler           |    27 |    15 ||    42
